Map: Cactus Valley LE (Void)

Players

ByuN - Winner!

  • Race: Terran Terran
  • Spawn Location: 11:00

Stats

  • Race: Protoss Protoss
  • Spawn Location: 5:00

Event: IEM XI Katowice - World Championship 2017

VOD

Have the link to the VOD?

Description

Time

  • Played on: March 4, 2017, 2:34 p.m.
  • Length: 14:00

All games in this series

Show
View Real Time Build Order
Export as new Build Order

ByuN Terran - Winner!

Build Orders: Reaper Expand, MMM Bio 

Get SALT Encoding   

  12  0:00  SCV  
  13  0:12  SCV  
  14  0:18  Supply Depot  
  14  0:24  SCV  
  15  0:29  Refinery  
  15  0:39  SCV  
  16  0:44  Barracks  
  16  0:51  SCV  
  17  1:03  SCV  
  18  1:16  SCV  
  19  1:31  Reaper  
  19  1:32  Orbital Command  
  20  1:43  Command Center  
  20  1:53  Factory  
  20  1:57  SCV  
  21  2:03  Refinery  
  21  2:06  Barracks Reactor  
  21  2:09  SCV  
  21  2:15  Supply Depot  
  22  2:21  SCV  
  23  2:36  SCV  
  24  2:40  Starport  
  24  2:42  Widow Mine  
  24  2:43  Marine x2  
  28  2:48  SCV  
  29  2:55  Orbital Command  
  29  3:00  SCV  
  29  3:01  Marine x2  
  33  3:12  SCV  
  33  3:17  Medivac  
  33  3:18  Widow Mine  
  33  3:19  Marine x2  
  38  3:25  SCV x2  
  40  3:31  Barracks  
  40  3:37  SCV x2  
  40  3:40  Supply Depot  
  42  3:41  Marine  
  42  3:43  Marine  
  42  3:48  Factory Tech Lab  
  44  3:49  SCV x2  
  46  4:02  Marine x2, SCV x2  
  50  4:03  Supply Depot  
  50  4:06  Siege Tank  
  53  4:14  SCV  
  54  4:17  Barracks Tech Lab  
  54  4:20  Barracks  
  54  4:21  Engineering Bay  
  54  4:25  SCV  
  54  4:26  SCV  
  54  4:29  Supply Depot, Starport Reactor  
  54  4:30  Marine x2  
  58  4:36  Marine  
  58  4:37  Stimpack  
  58  4:38  SCV x2  
  61  4:49  Terran Infantry Weapons Level 1  
  61  4:51  Siege Tank  
  61  4:52  SCV x2  
  66  4:56  Supply Depot, Refinery  
  66  5:02  Refinery  
  66  5:03  Marine x2  
  66  5:04  SCV x2  
  70  5:12  Marine x2  
  70  5:17  Supply Depot  
  70  5:18  SCV  
  71  5:21  Marine  
  71  5:23  Supply Depot  
  71  5:25  SCV  
  71  5:27  Medivac x2  
  77  5:30  SCV, Factory Reactor  
  78  5:37  Supply Depot  
  78  5:38  Marine  
  78  5:39  Marine  
  78  5:40  Combat Shields  
  78  5:41  Marauder x2  
  84  5:45  Supply Depot  
  84  5:48  SCV x2  
  86  5:55  Supply Depot  
  86  5:57  Marine x2  
  86  6:02  Marauder x2  
  92  6:06  Medivac x2  
  92  6:07  Widow Mine  
  92  6:10  Widow Mine  
  100  6:16  Supply Depot  
  100  6:17  Marine x2  
  102  6:24  Marauder x2  
  106  6:33  Supply Depot  
  106  6:43  Terran Infantry Armor Level 1, Marine x2  
  106  6:45  Marauder x2  
  106  6:47  Widow Mine x2  
  112  6:51  Command Center  
  116  7:02  Concussive Shells  
  116  7:03  Marine x2  
  116  7:06  Marauder x2  
  122  7:12  Barracks  
  122  7:14  Barracks  
  122  7:19  SCV x2  
  124  7:28  Supply Depot, Marauder x2  
  124  7:29  Marine x2  
  132  7:45  SCV x2  
  130  7:52  Starport  
  130  7:55  Marauder x2  
  130  8:01  Marine x2  
  130  8:04  Widow Mine  
  130  8:05  Barracks Tech Lab, Barracks Reactor  
  121  8:06  SCV x2  
  121  8:17  Marauder x2  
  121  8:19  SCV x2  
  124  8:20  Orbital Command  
  122  8:31  SCV x2  
  122  8:32  Widow Mine  
  123  8:37  Viking  
  123  8:38  Marauder, Viking  
  127  8:42  Marine x2, Marauder x2  
  127  8:43  Marine x2  
  132  8:50  Viking  
  132  8:53  SCV x2  
  132  8:54  SCV  
  131  8:59  Marauder  
  131  9:05  Marauder x2  
  131  9:06  Marine x4  
  135  9:13  SCV x2  
  123  9:18  SCV  
  123  9:21  Marauder  
  94  9:25  Marine x2, SCV x2  
  94  9:26  Marauder  
  94  9:27  Marine x2  
  94  9:30  SCV  
  98  9:36  Marauder  
  98  9:37  SCV  
  94  9:42  Marine  
  94  9:43  Marine  
  84  9:49  SCV  
  83  9:53  SCV  
  83  9:56  SCV  
  85  10:02  Marauder x2  
  89  10:09  Marauder  
  89  10:10  SCV x2  
  94  10:15  Marine  
  94  10:16  Marine x3  
  97  10:23  Marauder x2  
  98  10:31  Liberator x2, Marauder  
  98  10:32  SCV x2  
  98  10:34  SCV  
  103  10:37  Liberator  
  103  10:40  Liberator  
  103  10:42  Marine x2  
  105  10:44  Marauder, SCV  
  113  10:52  SCV x2  
  113  10:56  SCV  
  122  11:05  Marauder x2  
  122  11:10  SCV x3  
  129  11:11  Marine  
  129  11:12  Marine  
  129  11:13  Marine  
  129  11:15  Marine  
  129  11:16  Marine  
  112  11:35  Marauder x3  
  112  11:36  Marine x2  
  112  11:37  Marine x2  
  112  11:38  SCV x3  
  120  11:50  SCV x3  
  122  11:54  Marine x3  
  122  11:56  Marauder  
  122  11:58  Marine x2  
  122  12:01  Medivac x2  
  133  12:02  SCV x2  
  133  12:05  Marauder  
  137  12:08  SCV  
  137  12:14  SCV  
  139  12:16  Marine x2  
  139  12:17  Marine x2  
  143  12:26  Marauder x2  
  147  12:30  Marauder  
  149  12:37  Marine x4  
  153  12:47  Marauder x2  
  157  12:52  Marauder  
  157  12:55  Marine x2  
  157  12:56  Marine x2  
  146  13:19  Marine x3  
  134  13:22  Marauder  
  109  13:41  Marine  
  109  13:42  Marine  
Show
View Real Time Build Order
Export as new Build Order

Stats Protoss 

Build Orders: 1 Gate Expand, Colossus Rush 

Get SALT Encoding   

  12  0:00  Probe (Chrono Boost)  
  13  0:11  Probe (Chrono Boost)  
  14  0:17  Pylon  
  14  0:22  Probe (Chrono Boost)  
  16  0:35  Probe (Chrono Boost)  
  16  0:36  Gateway  
  16  0:46  Probe (Chrono Boost)  
  16  0:47  Assimilator  
  17  0:57  Probe (Chrono Boost)  
  18  1:07  Probe (Chrono Boost)  
  19  1:18  Probe (Chrono Boost)  
  20  1:25  Nexus  
  20  1:32  Cybernetics Core  
  20  1:35  Probe (Chrono Boost)  
  21  1:41  Assimilator  
  21  1:46  Probe (Chrono Boost)  
  22  1:51  Pylon  
  22  1:56  Probe (Chrono Boost)  
  23  2:05  Adept  
  23  2:09  Warp Gate  
  23  2:10  Probe (Chrono Boost)  
  27  2:22  Probe (Chrono Boost)  
  27  2:23  Robotics Facility  
  27  2:32  Adept  
  27  2:33  Probe (Chrono Boost)  
  30  2:37  Probe (Chrono Boost)  
  30  2:44  Probe (Chrono Boost)  
  32  2:48  Probe (Chrono Boost)  
  33  2:54  Probe (Chrono Boost)  
  36  2:59  Mothership Core (Chrono Boost)  
  36  3:05  Probe (Chrono Boost)  
  37  3:08  Gateway x2  
  37  3:10  Observer  
  38  3:15  Probe (Chrono Boost)  
  38  3:17  Probe (Chrono Boost)  
  40  3:23  Pylon  
  40  3:27  Probe (Chrono Boost)  
  41  3:28  Probe (Chrono Boost)  
  41  3:30  Assimilator  
  41  3:31  Observer  
  41  3:32  Assimilator  
  43  3:37  Pylon, Probe (Chrono Boost)  
  43  3:39  Probe (Chrono Boost)  
  45  3:47  Pylon  
  45  3:48  Probe (Chrono Boost)  
  46  3:49  Probe (Chrono Boost)  
  46  3:54  Robotics Bay  
  47  4:00  Probe x2 (Chrono Boost)  
  49  4:09  Observer  
  50  4:10  Probe x2 (Chrono Boost)  
  50  4:16  Stalker  
  50  4:17  Stalker  
  56  4:21  Probe x2 (Chrono Boost), Stalker  
  60  4:30  Pylon  
  60  4:33  Colossus  
  60  4:38  Probe x2 (Chrono Boost), Extended Thermal Lance  
  68  4:53  Pylon  
  68  4:56  Probe x2 (Chrono Boost)  
  70  5:04  Stalker x2  
  70  5:05  Stalker  
  75  5:14  Pylon  
  75  5:18  Probe x2 (Chrono Boost)  
  75  5:19  Colossus  
  83  5:33  Nexus  
  83  5:39  Pylon  
  83  5:40  Probe x2 (Chrono Boost)  
  85  5:49  Twilight Council  
  85  5:56  Gateway  
  85  5:57  Gateway  
  85  5:59  Sentry x2  
  89  6:06  Colossus  
  89  6:14  Probe x2 (Chrono Boost)  
  89  6:18  Zealot, Resonating Glaives  
  99  6:23  Zealot  
  101  6:27  Pylon  
  101  6:31  Pylon  
  101  6:33  Pylon  
  101  6:38  Probe (Chrono Boost)  
  102  6:46  Zealot x2, Probe (Chrono Boost)  
  106  6:49  Adept  
  106  6:50  Probe (Chrono Boost)  
  106  6:52  Probe (Chrono Boost)  
  110  6:55  Pylon, Warp Prism  
  110  6:58  Probe (Chrono Boost)  
  114  7:02  Probe (Chrono Boost)  
  114  7:03  Adept x2  
  114  7:07  Adept  
  114  7:08  Adept  
  122  7:11  Adept  
  122  7:14  Pylon  
  124  7:18  Pylon  
  123  7:24  Probe (Chrono Boost)  
  123  7:25  Adept x2, Probe x2 (Chrono Boost)  
  130  7:30  Pylon  
  130  7:32  Gateway  
  130  7:40  Adept  
  130  7:41  Adept x2  
  136  7:47  Blink  
  136  7:49  Pylon  
  134  8:02  Adept x5  
  130  8:22  Adept x2  
  130  8:23  Adept x2  
  130  8:24  Adept  
  140  8:29  Gateway  
  140  8:31  Pylon, Forge  
  140  8:32  Pylon, Forge  
  140  8:33  Disruptor  
  140  8:37  Sentry  
  143  8:47  Adept x2, Sentry x2  
  143  8:48  Adept  
  151  8:55  Assimilator x2  
  151  9:00  Adept  
  153  9:07  Protoss Ground Armor Level 1, Protoss Ground Weapons Level 1  
  151  9:10  Adept x3  
  151  9:11  Adept x2  
  128  9:26  Warp Prism  
  121  9:32  Adept x7  
  83  9:53  Sentry x2  
  83  9:54  Adept x4, Sentry  
  83  9:57  Nexus  
  97  10:08  Colossus  
  101  10:20  Stalker x2  
  101  10:21  Adept x2, Stalker x2  
  113  10:23  Adept  
  117  10:29  Pylon  
  111  10:42  Stalker  
  111  10:43  Stalker  
  111  10:46  Sentry  
  111  10:47  Adept x4  
  124  10:51  Dark Shrine  
  124  11:05  Immortal  
  128  11:12  Nexus  
  128  11:13  Pylon  
  128  11:16  Adept x2  
  128  11:17  Adept x2  
  136  11:27  Adept x3  
  139  11:45  Stalker x4  
  145  11:48  Disruptor  
  145  11:49  Adept x3  
  146  12:13  Adept x2  
  146  12:14  Adept x5  
  160  12:27  Probe (Chrono Boost)  
  160  12:28  Probe (Chrono Boost)  
  160  12:29  Probe x2 (Chrono Boost)  
  164  12:34  Adept x2  
  164  12:35  Adept x3  
  174  12:45  Stalker x2  
  171  13:02  Stalker x4  
  161  13:22  Dark Templar x3  
  161  13:32  Stalker x2  
  161  13:33  Stalker x2  

Tags
 
Add a new tag
Caveats
  • Supply blocks, unpowered buildings, or Contaminate may cause inaccurate times.
  • Supply counts are checked every 10 seconds.